 Dungeon Crawl Stone Soup version 0.31-a0-557-g6e16503903 (webtiles) character file.

Game seed: 12738807290783256207

178 Newt the Changeling (level 5, -1/32 HPs)
             Began as a Gargoyle Shapeshifter on Aug 16, 2023.
             Slain by a gnoll
             ... wielding a +0 flail
              (5 damage)
             ... on level 3 of the Dungeon.
             The game lasted 00:01:55 (1811 turns).

Newt the Changeling (Gargoyle Shapeshifter)         Turns: 1811, Time: 00:01:55

Health: -1/32      AC:  6    Str: 21    XL:     5   Next: 58%
Magic:  5/5        EV: 12    Int:  8    God:
Gold:   120        SH:  0    Dex: 10    Spells: 4/4 levels left

rFire   . . .        m - +0 war axe
rCold   . . .        (no shield)
rNeg    + . .        a - +0 animal skin
rPois   ∞            (helmet currently unavailable)
rElec   +            (cloak currently unavailable)
rCorr   .            (gloves currently unavailable)
SInv    .            (boots currently unavailable)
Will    .....        (no amulet)
Stlth   +            (no ring)
HPRegen 0.25/turn    (no ring)
MPRegen 0.09/turn

%: no passive effects
@: beast-form
A: beast (slay +2), sickness immunity, AC +4, negative energy resistance 1,
electricity resistance, torment resistance 1, petrification resistance
a: Begin Untransformation


You were on level 3 of the Dungeon.
You were a hulking beast.
You visited 1 branch of the dungeon, and saw 3 of its levels.

You collected 120 gold pieces.

Inventory:

Hand Weapons
 m - a +0 war axe (weapon)
Missiles
 n - 3 javelins
Armour
 a - a +0 animal skin (worn)
Talismans
 c - a beast talisman (active)
 d - a flux talisman
Wands
 i - a wand of light (5)
 l - a wand of polymorph (9)
Scrolls
 h - a scroll of revelation
 j - a scroll of identify {unknown}
Potions
 b - a potion of lignification
 e - 2 potions of heal wounds {unknown}
 f - a potion of attraction {unknown}
 g - a potion of ambrosia {unknown}
 k - a potion of brilliance {unknown}
 o - a potion of degeneration {unknown}
 p - a potion of magic {unknown}


   Skills:
 - Level 3.0 Fighting
 - Level 1.6 Dodging
 - Level 3.0 Unarmed Combat
 + Level 4.0 Shapeshifting


You had 4 spell levels left.
You didn't know any spells.
Your spell library contained the following spells:

 Spells                   Type           Power      Damage    Failure   Level
 Dazzling Flash           Conj/Hex       0%         N/A       78%         3
 Volatile Blastmotes      Fire/Tloc      0%         2d10      78%         3
 Starburst                Conj/Fire      0%         6d3       100%        6
 Maxwell's Capacitive Co  Air            0%         ∞         100%        8


Dungeon Overview and Level Annotations

Branches:
Dungeon (3/15)

Altars:


Innate Abilities, Weirdness & Mutations

You are a hulking beast.
Your limbs bulge with bestial killing power. (Slay +2)
You are immune to sickness and miasma.
Your stone body is resilient. (AC +4)
You are immune to poison.
You resist negative energy. (rN+)
You are resistant to electric shocks. (rElec)
You are resistant to unholy torment.
You are immune to petrification.


Message History

Unknown command.
Aiming: Bolt of Light
Press: ? - help, Shift-Dir - straight line, f - gnoll, p - gnoll
Aim: a gnoll, wielding a +0 flail (severely wounded, 75% to hit)
The bolt of light hits the scorpion!
The scorpion is severely wounded.
The scorpion is blinded.
The bolt of light hits the hobgoblin!
You kill the hobgoblin!
The bolt of light misses the gnoll.
The bolt of light hits the gnoll!!
You kill the gnoll!
The scorpion stings you. The scorpion closely misses you.
You have reached level 5!
Unknown command.
You slash the scorpion!
You kill the scorpion!
You slash the gnoll!
The gnoll is severely wounded.
The gnoll barely misses you. x2
You hit the gnoll.
The gnoll is almost dead.
The gnoll closely misses you.
You barely miss the gnoll.
The gnoll is almost dead.
A frilled lizard comes into view.
The gnoll barely misses you. The gnoll hits you with a +0 flail.
The frilled lizard hisses angrily.
You hit the gnoll.
You kill the gnoll!
Your Shapeshifting skill increases to level 4!
You slash the gnoll!
The gnoll is heavily wounded.
The gnoll hits you with a +0 flail! x2
* * * LOW HITPOINT WARNING * * *
You barely miss the gnoll.
The gnoll is heavily wounded.
The gnoll closely misses you.
You barely miss the gnoll. Your punch misses the gnoll.
The gnoll is heavily wounded.
The gnoll barely misses you. The gnoll hits you with a +0 flail.
You die...

#######...#)..
#.......#.....
#.#.###^..#...
#.#.# ##.###.#
#.#.# #.# #.#
##.#.## #.#
#.#
####.....###.#
#.#
#........##).#
#.#
#h##.....##.##
#.#
#g###.#.....#
#l# #.#.#####
#.# #.#.# .))
#....
##..####...
#..# #.###
#((# #.# #..#
...


You could see a gnoll and a frilled lizard.

Vanquished Creatures
  A scorpion (D:3)
  3 gnolls (D:3)
  4 adders
  3 dart slugs
  2 orcs (D:3)
  5 ball pythons
  6 bats
  4 endoplasms
  3 giant cockroaches
  5 goblins
  8 hobgoblins
  5 kobolds
  2 quokkas (D:2)
  4 frilled lizards
  2 rats (D:2)
57 creatures vanquished.

Notes
Turn   | Place    | Note
-------+----------+-------------------------------------------
     0 | D:1      | Newt the Gargoyle Shapeshifter began the quest for the Orb.
     0 | D:1      | Reached XP level 1. HP: 12/12 MP: 1/1
   233 | D:1      | Reached XP level 2. HP: 17/17 MP: 2/2
   764 | D:2      | Reached XP level 3. HP: 21/23 MP: 3/3
  1159 | D:2      | Reached skill level 3 in Shapeshifting
  1175 | D:2      | Reached XP level 4. HP: 25/28 MP: 4/4
  1795 | D:3      | Noticed a scorpion
  1804 | D:3      | Reached XP level 5. HP: 22/32 MP: 5/5
  1809 | D:3      | Reached skill level 4 in Shapeshifting
  1811 | D:3      | Slain by a gnoll

Illustrated notes

Levels and vault maps discovered:
D:1:      minmay_arrival_four_circles, layout_loops_ring
D:2:      layout_basic, hangedman_abyss_or_decor_stabs, minmay_mini_jars
D:3:      kennysheep_goblin_castle, layout_loops_ring,
          yredelemnul_forgotten_temple_becter, minmay_misc_feat_encased

Skill      XL: |  1  2  3  4  5 |
---------------+----------------+-----
Fighting       | 2 3 |  3.0
Shapeshifting  | 3 4 |  4.0
Dodging        | |  1.6
Unarmed Combat | |  3.0

Action                     |  1- 3 |  4- 6 || total
---------------------------+-------+-------++-------
  Melee: Unarmed           |   103 |       ||   103
         Punch             |     3 |     2 ||     5
         War axe           |     7 |    41 ||    48
  Throw: Javelin           |       |     2 ||     2
  Evoke: Wand              |       |     1 ||     1
    Use: Scroll            |     4 |     1 ||     5
 Armour: Animal skin       |    27 |    12 ||    39
  Dodge: Dodged            |    67 |    31 ||    98

Table legend: (Time is in decaauts)
 A = Elapsed time spent in this place.
 B = Non-inter-level travel time spent in this place.
 C = Inter-level travel time spent in this place.
 D = Time resting spent in this place.
 E = Time spent auto-exploring this place.
 F = Levels seen in this place.
 G = Mean time per level.
                   A        B        C        D        E       F      G
               +--------+--------+--------+--------+--------+-----+--------+
         Total |   1828 |   1797 |     31 |     43 |   1400 |   3 |  609.3 |
       Dungeon |   1828 |   1797 |     31 |     43 |   1400 |   3 |  609.3 |
               +--------+--------+--------+--------+--------+-----+--------+

Top non-repeatable levels by time:
     D:2: 956 daAuts
     D:1: 580 daAuts
     D:3: 291 daAuts
